 Dungeon Crawl Stone Soup version 0.29.0-11-gd7f09526c8 (webtiles) character file.

Game seed: 3736678477010917526

5 smilodon the Trooper (level 1, 18/18 HPs)
             Began as a Demonspawn Fighter on Sept 6, 2022.
             Was a High Priest of Ignis.
             Quit the game on level 1 of the Dungeon.
             The game lasted 00:00:28 (233 turns).

smilodon the Trooper (Demonspawn Fighter)            Turns: 233, Time: 00:00:28

Health: 18/18      AC:  6    Str: 16    XL:     1   Next: 66%
Magic:  1/1        EV:  8    Int:  9    God:    Ignis [*****.]
Gold:   15         SH:  4    Dex: 12    Spells: 0/0 levels left

rFire   + . .      SeeInvis .   a - +0 trident
rCold   . . .      Faith    .   c - +0 buckler
rNeg    . . .      Spirit   .   b - +0 scale mail
rPois   .          Reflect  .   (no helmet)
rElec   .          Harm     .   (no cloak)
rCorr   .          Rampage  .   (no gloves)
Will    .....                   (no boots)
Stlth   ..........              (no amulet)
HPRegen 0.06/turn               (no ring)
MPRegen 0.07/turn               (no ring)

@: no status effects
A: no striking features
a: Renounce Religion, Fiery Armour, Foxfire Swarm, Rising Flame


You were on level 1 of the Dungeon.
You worshipped Ignis.
Ignis was extremely pleased with you.
You visited 1 branch of the dungeon, and saw 1 of its levels.

You collected 15 gold pieces.

Inventory:

Hand Weapons
 a - a +0 trident (weapon)
Armour
 b - a +0 scale mail (worn)
 c - a +0 buckler (worn)
Scrolls
 e - a scroll of fear {unknown}
 f - a scroll of poison {unknown}
 h - a scroll of summoning {unknown}
 i - a scroll of butterflies {unknown}
Potions
 d - 2 potions of might
 g - 2 potions of attraction {unknown}


   Skills:
 + Level 3.1 Fighting
 + Level 1.9 Polearms
 + Level 2.7 Armour
 + Level 2.8 Shields


You couldn't memorise any spells.
You didn't know any spells.
Your spell library contained the following spells:

 Spells                   Type           Power      Damage    Failure   Level
 Beastly Appendage        Tmut           0%         N/A       88%         1
 Wereblood                Tmut           0%         N/A       96%         2
 Gell's Gravitas          Tloc           0%         N/A       99%         3
 Spider Form              Tmut/Pois      0%         N/A       99%         3
 Teleport Other           Tloc           0%         N/A       99%         3
 Dispersal                Tloc           0%         N/A       100%        6


Dungeon Overview and Level Annotations

Branches:
Dungeon (1/15)

Altars:
Ignis


Message History

There is a faded altar of an unknown god here.
You cannot tell which god this altar belongs to.
Convert to them anyway?
Ignis accepts your prayer! Ignis welcomes you!
There is an open door here.
You see here a dart slug corpse.
There is a staircase leading out of the dungeon here.
A kobold comes into view. It is wielding a +0 dagger.
Found 6 gold pieces.
The kobold shouts!
A kobold is nearby!
Found a There-And-Back Book.
You reach to attack!
You barely miss the kobold. You hit the kobold.
The kobold is severely wounded.
The kobold hits you but does no damage.
You puncture the kobold!
You kill the kobold!
No target in view!
No target in view!
No target in view!
No target in view!
No target in view!
No target in view!
No target in view!
No target in view!
No target in view!
You now have 15 gold pieces (gained 6).
You pick up a There-And-Back Book and begin reading...
You add the spells Gell's Gravitas, Teleport Other and Dispersal to your library.
Found a ring mail.
Found a stone staircase leading down.
h - a scroll labelled POCWEHYEZI No target in view!
No target in view!
No target in view!
No target in view!
No target in view!
i - a scroll labelled OHUCKIBLUA Are you sure you want to abandon this character and quit the game? (Confirm with "yes".)

###.#....#...
#.##.###.##
#.############.##.###.#.
#.#.........##.##...###.
...............##...##..
#>...........####...##.#
#..........### #...##..
#..................#...
#...[.@....# #######...
##.........# #####...
#.........# #...#)..
#.........# #.......
######...######.......
###..............
##.....#.......
.........#.......
####.....#.......


There were no monsters in sight!

Vanquished Creatures
  A dart slug (D:1)
  A giant cockroach (D:1)
  A kobold (D:1)
  A rat (D:1)
4 creatures vanquished.

Notes
Turn   | Place    | Note
-------+----------+-------------------------------------------
     0 | D:1      | smilodon the Demonspawn Fighter began the quest for the
                  | Orb.
     0 | D:1      | Reached XP level 1. HP: 18/18 MP: 1/1
    80 | D:1      | Found a faded altar of an unknown god.
   164 | D:1      | Prayed at the altar of an unknown god.
   164 | D:1      | Became a worshipper of Ignis, the Dying Flame
   233 | D:1      | Quit the game

Illustrated notes

Levels and vault maps discovered:
D:1:      amcnicky_arrival_double_pillar, layout_rooms,
          dreamdust_ecumenical_altar_angels_and_demons, kennysheep_crisscross

Action                   || total
-------------------------++-------
Melee: Trident           ||    11
Armor: Scale mail        ||     2
Dodge: Dodged            ||     1
Block: Buckler           ||     3
